General information
- name: BNet
- type: Ladder team game (AT/RT)
- host: Battle.net
- saver: SERIOUSCRAFT
map: Goldshire
- players: 4
- length: 40:33
- speed: Fast
- version: 1.24 W3XP
- replay type: Public
» download(154 KB)
Players
team 1 (loser)
Brute340 (
teal | 44 APM | 1802 actions | 40:31)
6 Blademaster
3 Wind Walk
2 Critical Strike
1 Bladestorm
» actions
| Assign group hotkey | 20 | |
| Basic commands | 21 | |
| Build / train | 48 | |
| Enter build submenu | 32 | |
| Enter hero's abilities submenu | 6 | |
| Give item / drop item | 15 | |
| Right click | 1151 | |
| Select / deselect | 320 | |
| Select group hotkey | 67 | |
| Use ability | 121 | |
1802 total
» units
| Peon | 8 | |
| Grunt | 4 | |
| Wind Rider | 6 | |
| Demolisher | 5 | |
23 total
» upgrades
| Ranged Weapons | 3 | |
| Burning Oil | 1 | |
4 total
» buildings
| Altar of Storms | 1 | |
| Orc Burrow | 7 | |
| Barracks | 2 | |
| Voodoo Lounge | 1 | |
| Stronghold | 1 | |
| War Mill | 1 | |
| Beastiary | 2 | |
| Fortress | 1 | |
| Great Hall | 3 | |
| Watch Tower | 13 | |
32 total
» build order
00:07 Altar of Storms
00:09 Orc Burrow
00:59 Barracks
01:25 Orc Burrow
01:59 Voodoo Lounge
04:02 Stronghold
04:05 War Mill
04:43 Orc Burrow
05:38 Orc Burrow
06:36 Beastiary
06:42 Beastiary
07:30 Orc Burrow
07:35 Orc Burrow
13:23 Fortress
15:11 Orc Burrow
16:35 Barracks
16:46 Great Hall
30:26 Great Hall
30:30 Watch Tower
30:32 Watch Tower
30:34 Watch Tower
30:36 Watch Tower
32:54 Great Hall
32:56 Watch Tower
32:59 Watch Tower
33:02 Watch Tower
33:36 Watch Tower
33:50 Watch Tower
33:55 Watch Tower
34:10 Watch Tower
34:54 Watch Tower
35:01 Watch Tower
» items
| Healing Salve | 3 | |
| Lesser Clarity Potion | 2 | |
| Circlet of Nobility | 2 | |
| Boots of Speed | 1 | |
| Scroll of Healing | 1 | |
| Potion of Healing | 2 | |
| Orb of Lightning | 1 | |
12 total
m1chaels3 (
yellow | 35 APM | 1421 actions | 40:31)
5 Death Knight
3 Death Coil
2 Unholy Aura
» actions
| Assign group hotkey | 10 | |
| Basic commands | 1 | |
| Build / train | 62 | |
| Enter build submenu | 20 | |
| Enter hero's abilities submenu | 5 | |
| Right click | 879 | |
| Select / deselect | 308 | |
| Select group hotkey | 85 | |
| Use ability | 51 | |
1421 total
» units
| Acolyte | 7 | |
| Ghoul | 4 | |
| Crypt Fiend | 7 | |
| Frost Wyrm | 12 | |
30 total
» upgrades
| Web | 1 | |
| Creature Attack | 3 | |
| Freezing Breath | 1 | |
| Creature Carapace | 3 | |
| Backpack | 1 | |
| Burrow | 1 | |
10 total
» buildings
| Graveyard | 1 | |
| Ziggurat | 10 | |
| Crypt | 2 | |
| Nerubian Tower | 2 | |
| Altar of Darkness | 1 | |
| Halls of the Dead | 1 | |
| Spirit Tower | 3 | |
| Tomb of Relics | 1 | |
| Black Citadel | 2 | |
| Sacrificial Pit | 1 | |
| Boneyard | 3 | |
27 total
» build order
00:08 Graveyard
00:11 Ziggurat
00:40 Crypt
01:00 Crypt
01:12 Nerubian Tower
01:29 Altar of Darkness
01:43 Ziggurat
03:42 Ziggurat
04:45 Ziggurat
04:49 Ziggurat
05:18 Halls of the Dead
06:35 Spirit Tower
07:07 Tomb of Relics
07:17 Ziggurat
07:45 Black Citadel
08:12 Spirit Tower
09:15 Black Citadel
09:43 Ziggurat
09:44 Ziggurat
09:46 Ziggurat
10:59 Ziggurat
11:02 Sacrificial Pit
11:53 Boneyard
12:21 Boneyard
12:26 Boneyard
19:50 Nerubian Tower
23:27 Spirit Tower
» items
| Dust of Appearance | 3 | |
| Potion of Healing | 3 | |
| Orb of Corruption | 1 | |
| Scroll of Town Portal | 1 | |
8 total
team 2 (winner)
KeKeZergRush (
blue | 76 APM | 3090 actions | 40:32)
4 Mountain King
2 Storm Bolt
2 Bash
5 Paladin
3 Holy Light
2 Divine Shield
» actions
| Assign group hotkey | 12 | |
| Basic commands | 8 | |
| Build / train | 97 | |
| Enter build submenu | 54 | |
| Enter hero's abilities submenu | 9 | |
| Give item / drop item | 3 | |
| Right click | 1090 | |
| Select / deselect | 334 | |
| Select group hotkey | 1236 | |
| Use ability | 247 | |
3090 total
» units
| Peasant | 12 | |
| Siege Engine | 8 | |
| Dragonhawk Rider | 2 | |
22 total
» upgrades
| Masonry | 3 | |
| Lumber Harvesting | 2 | |
| Gunpowder | 3 | |
| Barrage | 1 | |
| Magic Sentry | 1 | |
| Plating | 3 | |
| Cloud | 1 | |
| Animal War Training | 1 | |
| Swords | 1 | |
16 total
» buildings
| Altar of Kings | 1 | |
| Lumber Mill | 1 | |
| Farm | 7 | |
| Scout Tower | 60 | |
| Arcane Tower | 7 | |
| Guard Tower | 23 | |
| Keep | 1 | |
| Castle | 1 | |
| Blacksmith | 1 | |
| Workshop | 2 | |
| Arcane Sanctum | 1 | |
| Cannon Tower | 1 | |
| Town Hall | 2 | |
| Arcane Vault | 1 | |
| Gryphon Aviary | 2 | |
| Barracks | 1 | |
112 total
» build order
00:09 Altar of Kings
00:11 Lumber Mill
00:16 Farm
00:59 Farm
01:57 Scout Tower
01:59 Scout Tower
02:02 Scout Tower
02:06 Scout Tower
02:08 Scout Tower
02:24 Arcane Tower
02:39 Scout Tower
02:44 Farm
02:53 Guard Tower
02:56 Guard Tower
03:13 Arcane Tower
03:37 Guard Tower
03:40 Scout Tower
03:41 Scout Tower
03:42 Scout Tower
04:10 Arcane Tower
04:12 Guard Tower
04:14 Scout Tower
04:43 Guard Tower
04:49 Scout Tower
04:51 Scout Tower
04:52 Scout Tower
04:53 Scout Tower
05:11 Keep
05:56 Guard Tower
05:58 Arcane Tower
05:59 Guard Tower
06:03 Scout Tower
06:05 Scout Tower
06:13 Farm
06:14 Farm
06:38 Guard Tower
06:48 Scout Tower
07:16 Guard Tower
07:19 Scout Tower
07:20 Scout Tower
07:22 Scout Tower
07:30 Scout Tower
07:30 Scout Tower
07:32 Scout Tower
07:35 Scout Tower
07:36 Scout Tower
07:37 Scout Tower
08:31 Guard Tower
08:45 Guard Tower
09:05 Guard Tower
09:25 Guard Tower
09:48 Arcane Tower
10:18 Scout Tower
10:19 Scout Tower
10:24 Scout Tower
10:33 Guard Tower
11:10 Castle
11:13 Guard Tower
11:38 Blacksmith
13:11 Workshop
13:12 Workshop
13:20 Scout Tower
13:21 Scout Tower
13:26 Arcane Sanctum
14:33 Guard Tower
16:11 Cannon Tower
16:14 Scout Tower
16:15 Scout Tower
17:40 Town Hall
17:43 Scout Tower
17:43 Scout Tower
17:44 Scout Tower
17:45 Scout Tower
17:45 Scout Tower
17:46 Scout Tower
17:55 Scout Tower
17:56 Scout Tower
17:56 Scout Tower
17:57 Scout Tower
17:59 Scout Tower
17:59 Scout Tower
18:12 Guard Tower
18:14 Arcane Tower
18:57 Farm
18:58 Farm
19:13 Guard Tower
20:17 Guard Tower
21:39 Guard Tower
22:40 Scout Tower
22:41 Scout Tower
22:42 Scout Tower
23:10 Guard Tower
23:25 Arcane Vault
28:12 Guard Tower
28:43 Gryphon Aviary
28:59 Gryphon Aviary
30:00 Guard Tower
30:14 Arcane Tower
30:41 Barracks
38:25 Town Hall
38:28 Scout Tower
38:29 Scout Tower
38:30 Scout Tower
38:31 Scout Tower
38:32 Scout Tower
38:33 Scout Tower
38:36 Scout Tower
38:36 Scout Tower
38:38 Scout Tower
38:38 Scout Tower
38:39 Scout Tower
38:41 Scout Tower
» items
| Boots of Speed | 2 | |
| Staff of Teleportation | 2 | |
| Dust of Appearance | 1 | |
| Healing Salve | 1 | |
| Lesser Clarity Potion | 4 | |
| Orb of Lightning | 3 | |
| Staff of Sanctuary | 2 | |
15 total
SERIOUSCRAFT (
orange | 48 APM | 1946 actions | 40:33)
7 Blademaster
3 Wind Walk
3 Critical Strike
1 Bladestorm
» actions
| Assign group hotkey | 8 | |
| Basic commands | 4 | |
| Build / train | 72 | |
| Enter build submenu | 46 | |
| Enter hero's abilities submenu | 7 | |
| Give item / drop item | 5 | |
| Remove unit from queue | 1 | |
| Right click | 1113 | |
| Select / deselect | 288 | |
| Select group hotkey | 236 | |
| Use ability | 166 | |
1946 total
» units
» upgrades
| Spiked Barricades | 2 | |
| Ranged Weapons | 3 | |
| Reinforced Defenses | 1 | |
| Liquid Fire | 1 | |
| Armor | 3 | |
10 total
» buildings
| Altar of Storms | 1 | |
| Orc Burrow | 4 | |
| War Mill | 1 | |
| Voodoo Lounge | 2 | |
| Watch Tower | 57 | |
| Stronghold | 1 | |
| Beastiary | 6 | |
| Fortress | 1 | |
| Great Hall | 1 | |
74 total
» build order
00:14 Altar of Storms
00:21 Orc Burrow
00:54 War Mill
01:19 Voodoo Lounge
02:02 Orc Burrow
02:33 Watch Tower
02:54 Watch Tower
02:54 Watch Tower
03:24 Watch Tower
03:40 Watch Tower
04:16 Watch Tower
04:49 Watch Tower
04:52 Watch Tower
04:57 Watch Tower
05:09 Stronghold
05:59 Watch Tower
06:02 Watch Tower
06:11 Watch Tower
06:22 Orc Burrow
06:23 Orc Burrow
06:28 Watch Tower
06:29 Watch Tower
07:20 Watch Tower
07:21 Watch Tower
07:23 Watch Tower
07:54 Beastiary
07:55 Beastiary
09:00 Watch Tower
09:02 Watch Tower
09:03 Watch Tower
09:06 Watch Tower
09:39 Beastiary
09:41 Beastiary
10:24 Watch Tower
10:27 Watch Tower
10:28 Watch Tower
10:30 Watch Tower
10:31 Watch Tower
10:50 Watch Tower
13:18 Fortress
13:26 Beastiary
15:48 Watch Tower
15:51 Watch Tower
16:07 Watch Tower
16:11 Watch Tower
16:33 Voodoo Lounge
17:07 Watch Tower
17:08 Watch Tower
18:54 Watch Tower
18:55 Watch Tower
19:13 Watch Tower
21:01 Watch Tower
22:25 Great Hall
25:24 Beastiary
25:38 Watch Tower
25:39 Watch Tower
25:40 Watch Tower
27:57 Watch Tower
27:57 Watch Tower
27:58 Watch Tower
27:59 Watch Tower
28:03 Watch Tower
28:07 Watch Tower
28:08 Watch Tower
28:40 Watch Tower
28:41 Watch Tower
30:09 Watch Tower
30:10 Watch Tower
30:11 Watch Tower
33:12 Watch Tower
33:12 Watch Tower
36:55 Watch Tower
36:58 Watch Tower
37:03 Watch Tower
» items
| Healing Salve | 2 | |
| Lesser Clarity Potion | 5 | |
| Boots of Speed | 1 | |
| Staff of Teleportation | 1 | |
| Potion of Lesser Invulnerability | 3 | |
| Circlet of Nobility | 1 | |
| Orb of Lightning | 1 | |
| Scroll of Speed | 2 | |
16 total
Chat log
(00:37 / Allies) KeKeZergRush: here right
(00:42 / Allies) KeKeZergRush: pala and mk
(00:43 / Allies) KeKeZergRush: mk first
(00:47 / Allies) KeKeZergRush: for bolt light
(00:47 / Allies) KeKeZergRush: etc
(04:30 / All) Brute340: negated
(09:14 / Allies) KeKeZergRush: they saw towers
(09:17 / Allies) KeKeZergRush: when bm harassed
(09:59 / Allies) KeKeZergRush: they creeping
(10:04 / Allies) KeKeZergRush: wind riders
(10:07 / Allies) KeKeZergRush: towers by base?
(11:46 / Allies) KeKeZergRush: care they were just creeping up there
(12:08 / Allies) SERIOUSCRAFT: SHARE CONTROL
(14:27 / Allies) KeKeZergRush: tanks for wyverns i guess
(16:20 / Allies) KeKeZergRush: another shop
(16:22 / Allies) KeKeZergRush: for quick orbs
(16:25 / Allies) KeKeZergRush: plz
(25:02 / Allies) KeKeZergRush: bm
(25:46 / Allies) KeKeZergRush: mains out
(26:11 / Allies) KeKeZergRush: orc?
(27:30 / Allies) KeKeZergRush: pulling tank
(29:30 / All) Brute340: god
(29:37 / All) Brute340: do u guys have lives?
(29:40 / All) SERIOUSCRAFT: leave
(29:43 / All) SERIOUSCRAFT: shitbird
(29:44 / All) Brute340: lol nah
(30:58 / Allies) KeKeZergRush: quick th
(31:05 / Allies) KeKeZergRush: tanks?
(31:08 / Allies) KeKeZergRush: 3
(32:02 / Allies) KeKeZergRush: didnt hear you
(32:03 / Allies) KeKeZergRush: sorry
(32:57 / Allies) KeKeZergRush: and they get heal bonus
(34:13 / Allies) KeKeZergRush: nuke whom first
(34:15 / Allies) KeKeZergRush: dk?
(35:11 / Allies) KeKeZergRush: think dk first
(35:14 / Allies) KeKeZergRush: lightbolt
(35:35 / All) Brute340: wasting so much time
(35:43 / All) Brute340: u know life is limited right?
(35:47 / All) Brute340: you do eventually die
(36:26 / All) SERIOUSCRAFT: LEAVE
(36:27 / All) SERIOUSCRAFT: LEAVE
(36:29 / All) SERIOUSCRAFT: LEAVE
(36:32 / All) SERIOUSCRAFT: LEAVE
(37:33 / All) Brute340: this is what you do every game?
(38:12 / All) KeKeZergRush: if by every game you mean win
(38:13 / All) KeKeZergRush: yes
(38:20 / All) Brute340: i wish i had a hitman at my disposal
(38:28 / All) SERIOUSCRAFT: AND DO WHAT
(38:33 / All) Brute340: idk...
(38:46 / All) Brute340: to be ur friend
(38:54 / All) SERIOUSCRAFT: I ALREADY HAVE A FRIEND :)))
(39:28 / Allies) KeKeZergRush: no mana